Get step-by-step instructions on how to execute this build order below. Start the game timer, and the build order will tick by so you can play in parallel with StarCraft on a second screen or mobile device.

Game Time

  0:00

Last Step

  N/A

Next Step

Upcoming Step



Don't want to look back and forth between 2 screens? Try out our Overwolf App, the Spawning Tool Build Advisor to get an in-game overlay with this build!

Complete Build Order

  12  0:01  Drone  
  13  0:09  Drone  
  14  0:18  Overlord  
  14  0:36  Drone x2  
  14  0:37  Drone  
  17  0:54  Hatchery  
  16  1:12  Spawning Pool  
  16  1:15  Drone  
  16  1:17  Drone  
  17  1:19  Extractor  
  17  1:24  Drone  
  17  1:30  Drone  
  18  1:38  Drone  
  19  1:48  Overlord  
  19  2:02  Queen  
  19  2:06  Queen  
  19  2:07  Drone  
  19  2:08  Drone  
  25  2:11  Zergling x2  
  26  2:18  Drone  
  26  2:22  Metabolic Boost  
  27  2:24  Drone  
  28  2:36  Drone x2  
  30  2:43  Zergling x4  
  32  2:49  Overlord  
  32  2:58  Zergling x2  
  33  3:01  Zergling x2  
  34  3:06  Zergling x2  
  34  3:11  Zergling x8  
  39  3:16  Zergling x8  
  43  3:24  Zergling x2  
  44  3:27  Overlord  
  44  3:31  Spore Crawler  
  44  3:34  Zergling x2, Spore Crawler  
  42  3:36  Lair  
  42  3:37  Zergling x2  
  43  3:50  Zergling x2  
  43  3:51  Zergling x6  
  47  3:56  Overlord  
  46  4:11  Zergling x4  
  46  4:12  Zergling x6  
  40  4:18  Zergling x2  
  40  4:22  Zergling x2  
  40  4:25  Zergling x2  
  40  4:26  Zergling x4  
  40  4:29  Drone x3  
  45  4:49  Drone x3  
  45  4:50  Drone  
  49  5:00  Zergling x10  
  52  5:14  Roach Warren  
  52  5:19  Extractor  
  52  5:20  Queen x2  
  54  5:21  Drone x3  
  54  5:22  Drone  
  58  5:31  Drone  
  58  5:32  Overlord  
  58  5:33  Overlord  
  56  6:09  Roach  
  56  6:10  Roach x6  
  56  6:11  Roach  
  61  6:26  Roach x3  
  61  6:27  Roach  
  69  6:34  Drone x2, Evolution Chamber  
  70  6:42  Glial Reconstitution  
  70  6:43  Roach  
  70  6:44  Roach  
  70  6:46  Evolution Chamber  
  73  6:57  Roach  
  73  6:59  Overlord  
  75  7:03  Hatchery, Zerg Missile Weapons Level 1  
  74  7:10  Overlord  
  74  7:12  Zerg Ground Armor Level 1  
  74  7:18  Roach x3  
  80  7:31  Roach x3  
  80  7:33  Zergling x8  
  90  7:37  Extractor, Overlord  
  89  8:04  Roach x5  
  92  8:25  Roach x2  
  92  8:26  Roach x5  
  106  8:28  Overlord  
  106  8:30  Overlord  
  106  8:31  Overlord  
  106  8:53  Drone  
  106  8:54  Drone x5  
  106  8:55  Drone x4  
  116  9:00  Drone x3  
  119  9:06  Overlord, Zerg Missile Weapons Level 2  
  109  9:26  Roach x4  
  109  9:27  Roach x3  
  109  9:31  Roach  
  125  9:41  Roach x2  
  125  9:43  Drone x6  
  135  9:49  Drone x2  
  137  9:58  Spine Crawler  
  137  9:59  Spine Crawler, Zergling x10  
  132  10:07  Hydralisk Den  
  132  10:10  Burrow  
  129  10:18  Extractor, Spore Crawler  
  129  10:21  Spore Crawler  
  99  10:37  Hydralisk x3  
  99  10:38  Hydralisk x2  
  103  10:43  Extractor  
  103  10:44  Extractor  
  103  10:45  Spore Crawler  
  103  10:47  Drone  
  103  10:48  Drone x8, Spore Crawler  
  102  11:02  Hydralisk x4  
  106  11:12  Hydralisk  
  106  11:15  Drone x6  
  95  11:35  Roach  
  95  11:36  Roach x8  
  110  11:50  Roach x2  
  110  11:51  Roach x4  
  98  12:02  Roach x4  
  98  12:03  Roach  
  98  12:43  Hydralisk Den  
  95  13:05  Hatchery  
  94  13:13  Hydralisk x3  
  98  13:24  Hydralisk, Grooved Spines  
  98  13:26  Overlord  
  100  13:33  Queen  
  100  13:40  Tunneling Claws  
  99  13:43  Queen, Hydralisk x3  
  107  13:51  Overlord x3  
  107  13:54  Zerg Ground Armor Level 2  
  107  14:14  Hydralisk  
  107  14:15  Hydralisk x11  
  131  14:25  Spore Crawler  
  131  14:27  Spore Crawler  
  129  14:34  Roach x4  
  129  14:36  Overlord  
  137  14:40  Roach x16  
  137  14:41  Muscular Augments  
  137  14:45  Spine Crawler  
  136  14:48  Spine Crawler  
  136  14:49  Drone x3  
  138  15:04  Roach x20  
  138  15:12  Hydralisk x2  
  138  15:13  Hydralisk x2  
  142  15:38  Drone x3  
  145  15:43  Overlord x2  
  145  15:44  Overlord  
  145  15:49  Infestation Pit  
  144  15:52  Roach x16  
  142  16:02  Spore Crawler  
  142  16:03  Queen  
  143  16:09  Spore Crawler  
  140  16:16  Hydralisk x4  
  140  16:17  Hydralisk x2  
  150  16:23  Roach x7  
  150  16:25  Overlord x2  
  150  16:27  Roach x9  
  150  16:49  Roach x4  
  169  17:23  Roach x2  
  169  17:28  Roach x2  
  169  17:41  Hatchery  
  166  17:50  Overlord x2  
  166  17:51  Overlord  
  170  17:52  Roach x2  
  170  17:56  Extractor  
  170  17:57  Extractor  
  170  17:58  Drone x3  
  167  18:02  Roach x3  
  183  18:54  Hydralisk  
  183  18:55  Hydralisk x2  
  187  19:25  Hydralisk  
  187  19:26  Hydralisk x5  
  195  20:46  Overlord x4  
  195  20:55  Hive  
  195  20:56  Hatchery, Overlord  
  194  21:21  Hydralisk  
  194  21:22  Hydralisk x2  
  200  22:13  Spire  
  199  22:19  Spire  
  199  22:21  Drone  
  199  22:22  Drone  
  200  23:34  Extractor x2, Spire